 Dungeon Sprint DCSS version 0.19-a0-49-gb8736b8 (webtiles) character file.

708 FitzyFitz the Bludgeoner (level 7, -7/138 HPs)
             Began as an Ogre Berserker on May 6, 2016.
             Was an Elder of Trog.
             Mangled by an orc warrior
             ... wielding a +0 war axe
              (14 damage)
             ... in the Dungeon (Sprint IX: "|||||||||||||||||||||||||||||").
             The game lasted 00:01:43 (286 turns).

FitzyFitz the Bludgeoner (Ogre Berserker)            Turns: 286, Time: 00:01:44

Health: -7/138     AC:  4    Str: 30    XL:     7   Next: 67%
Magic:  7/7        EV: 10    Int:  6    God:    Trog [****..]
Gold:   0          SH:  0    Dex: 12    Spells: 0 memorised, 6 levels left

rFire  . . .     SeeInvis .     e - -1 giant club (curse)
rCold  . . .     Gourm    .     b - +0 animal skin
rNeg   . . .     Faith    .     (shield currently unavailable)
rPois  .         Spirit   .     (helmet restricted)
rElec  .         Dismiss  .     n - +0 cloak
rCorr  .         Reflect  .     (gloves unavailable)
SustAt .         Harm     .     (boots unavailable)
MR     .....     NoTele   +     (no amulet)
Stlth  ..........               (no ring)
                                j - +3 ring of dexterity

@: berserking (expiring), very quick, not resistant to hostile enchantments,
extremely unstealthy
A: unfitting armour, tough skin 1
a: Berserk, Trog's Hand, Brothers in Arms, Burn Spellbooks, Renounce Religion


You were in the Dungeon.
You worshipped Trog.
Trog was greatly pleased with you.
You were not hungry.

You visited 1 branch

Inventory:

Hand Weapons
 a - a +0 mace
 e - a cursed -1 giant club (weapon)
Armour
 b - a +0 animal skin (worn)
 n - a +0 cloak (worn)
Jewellery
 j - a +3 ring of dexterity (left hand)
 o - a +3 ring of intelligence
Wands
 m - a wand of iceblast (7/15)
Scrolls
 i - 2 scrolls of blinking
 l - 3 scrolls of remove curse
Potions
 d - 5 potions of curing
 f - a potion of haste
 g - 4 potions of magic
 h - a potion of invisibility
 k - 2 potions of heal wounds
Comestibles
 c - a bread ration


   Skills:
 + Level 12.5 Fighting
 * Level 16.4 Maces & Flails
 - Level 2.6 Dodging


You had 6 spell levels left.
You didn't know any spells.

Dungeon Overview and Level Annotations

Branches:
Dungeon (1/1)

Altars:
Cheibriados
Dithmenos
Elyvilon
Fedhas
Gozag
Kikubaaqudgha
Makhleb
Nemelex Xobeh
Okawaru
Pakellas
Qazlal
Ru
Sif Muna
Trog
Vehumet
Xom
Yredelemnul
Zin
The Shining One
Beogh
Jiyva
Lugonu


Innate Abilities, Weirdness & Mutations

You are too large for most types of armour.
You have tough skin (AC +1).


Message History

You have reached level 7!
You feel a bit more experienced.
You bludgeon the giant gecko!!
You kill the giant gecko!
Trog accepts your kill.
You miss the giant frog.
You beat the giant frog like a drum!!!
You kill the giant frog!
Trog accepts your kill.
Things that are here:
a giant frog corpse; a giant gecko corpse You closely miss the orc warrior.
The orc warrior hits you with a war axe!
* * * LOW HITPOINT WARNING * * *
You sock the orc warrior!
The orc warrior is heavily wounded.
You closely miss the orc warrior.
The orc warrior is heavily wounded.
The orc warrior hits you with a war axe!
You die...

▓+▓
▓.▓
▓.▓
▓h▓
▓5▓
▓o▓
▓@▓
▓'▓
▓.▓
▓.▓
▓[▓
▓.▓
▓[▓
▓)▓
▓|▓


You could see an orc warrior, a crimson imp and a jackal.

Vanquished Creatures
  An unseen horror (D)
  An ogre (D)
  A giant frog (D)
  A howler monkey (D)
  An iguana (D)
  An adder (D)
  2 giant geckos (D)
  2 giant cockroaches (D)
  A hobgoblin (D)
  A bat (D)
  A rat (D)
13 creatures vanquished.

Notes
Turn   | Place    | Note
--------------------------------------------------------------
     0 | D        | FitzyFitz the Ogre Berserker began the quest for the Orb.
     0 | D        | Reached XP level 1. HP: 24/24 MP: 1/1
     8 | D        | Reached ** piety under Trog
     8 | D        | Reached skill level 5 in Maces & Flails
    22 | D        | Noticed an ogre
    22 | D        | Noticed an iguana
    22 | D        | Noticed a howler monkey
    27 | D        | Reached *** piety under Trog
    27 | D        | Reached XP level 2. HP: 30/33 MP: 2/2
    34 | D        | Killed a howler monkey
    34 | D        | Reached skill level 8 in Maces & Flails
    34 | D        | Reached XP level 3. HP: 40/45 MP: 3/3
    47 | D        | Reached skill level 9 in Maces & Flails
    47 | D        | Reached XP level 4. HP: 39/55 MP: 4/4
    51 | D        | Reached **** piety under Trog
    53 | D        | Killed an ogre
    53 | D        | Reached skill level 11 in Maces & Flails
    53 | D        | Reached XP level 5. HP: 45/67 MP: 5/5
   220 | D        | Found a glowing silver altar of Zin.
   220 | D        | Found a glowing golden altar of the Shining One.
   220 | D        | Found an ancient bone altar of Kikubaaqudgha.
   220 | D        | Found a basalt altar of Yredelemnul.
   220 | D        | Found a shimmering altar of Xom.
   220 | D        | Found a radiant altar of Vehumet.
   221 | D        | Found an iron altar of Okawaru.
   222 | D        | Found a burning altar of Makhleb.
   223 | D        | Found a deep blue altar of Sif Muna.
   224 | D        | Found a bloodstained altar of Trog.
   225 | D        | Found a sparkling altar of Nemelex Xobeh.
   226 | D        | Found a white marble altar of Elyvilon.
   227 | D        | Found a roughly hewn altar of Beogh.
   228 | D        | Found a viscous altar of Jiyva.
   229 | D        | Found a corrupted altar of Lugonu.
   230 | D        | Found a blossoming altar of Fedhas.
   231 | D        | Found a snail-covered altar of Cheibriados.
   232 | D        | Found a shadowy altar of Dithmenos.
   233 | D        | Found a stormy altar of Qazlal.
   234 | D        | Found an opulent altar of Gozag.
   235 | D        | Found a sacrificial altar of Ru.
   236 | D        | Found an oddly glowing altar of Pakellas.
   269 | D        | Noticed an orc warrior
   279 | D        | Killed an unseen horror
   279 | D        | Reached skill level 16 in Maces & Flails
   279 | D        | Reached XP level 6. HP: 16/83 MP: 6/6
   279 | D        | Reached XP level 7. HP: 18/91 MP: 7/7
   286 | D        | Mangled by an orc warrior

Vault maps used:
D:        linesprint

Skill      XL: |  1  2  3  4  5 |
---------------+----------------+-----
Maces & Flails | 5 8 9 11 16 | 16.4
Fighting       | 6 7 9 12 | 12.5
Dodging        | |  2.6

Action                   |  1- 3 |  4- 6 |  7- 9 || total
-------------------------+-------+-------+-------++-------
Melee: Mace              |    26 |     5 |       ||    31
       Giant club        |       |     7 |     6 ||    13
Invok: Berserk           |       |     1 |       ||     1
  Use: Potion            |     1 |     1 |       ||     2
Armor: Animal skin       |     5 |     1 |       ||     6
Dodge: Dodged            |    15 |     3 |       ||    18
